 Dungeon Crawl Stone Soup version 0.30.1-4-g462c640d31 (webtiles) character file.

Game seed: 9622512759587960277

15 flappity the Vexing (level 2, -3/16 HPs)
             Began as a Kobold Hexslinger on Sept 5, 2023.
             Slain by a gnoll
             ... wielding a +0 whip
              (5 damage)
             ... on level 1 of the Dungeon.
             The game lasted 00:00:46 (279 turns).

flappity the Vexing (Kobold Hexslinger)              Turns: 279, Time: 00:00:47

Health: -3/16      AC:  2    Str:  7    XL:     2   Next: 65%
Magic:  4/4        EV: 15    Int: 14    God:
Gold:   10         SH:  0    Dex: 15    Spells: 2/3 levels left

rFire   . . .        a - +1 sling
rCold   . . .        (no shield)
rNeg    . . .        c - +0 robe
rPois   .            (no helmet)
rElec   .            (no cloak)
rCorr   .            (no gloves)
SInv    .            (no boots)
Will    .....        (no amulet)
Stlth   ++           (no ring)
HPRegen 0.22/turn    (no ring)
MPRegen 0.09/turn

%: no passive effects
@: no status effects
A: small, no large weapons, nightstalker 3
a: no special abilities


You were on level 1 of the Dungeon.
You visited 1 branch of the dungeon, and saw 2 of its levels.

You collected 10 gold pieces.


Innate Abilities, Weirdness & Mutations

You are small and have problems with some larger weapons.
You are completely attuned to the shadows.


   Skills:
 + Level 1.5 Fighting
 + Level 3.0 Ranged Weapons
 + Level 2.7 Dodging
 + Level 1.4 Spellcasting
 + Level 3.1 Hexes


You had 2 spell levels left.
You knew the following spells:

 Your Spells              Type           Power      Damage    Failure   Level
s - Slow                  Hex            36%        N/A       7%          1

Your spell library contained the following spells:

 Spells                   Type           Power      Damage    Failure   Level
 Inner Flame              Hex/Fire       5%         N/A       36%         3
 Portal Projectile        Hex/Tloc       10%        N/A       36%         3
 Cause Fear               Hex            4%         N/A       56%         4

Inventory:

Hand Weapons
 a - a +1 sling (weapon)
Armour
 c - a +0 robe (worn)
Scrolls
 b - a scroll of poison
Potions
 d - a potion of mutation {unknown}


Message History

You shoot a sling bullet.
The sling bullet barely misses the gnoll.
You shoot a sling bullet. The sling bullet hits the gnoll.
The gnoll is heavily wounded.
A gnoll is nearby!
You shoot a sling bullet.
The sling bullet barely misses the gnoll.
The sling bullet hits the plant.
The plant begins to die.
The plant is lightly damaged.
The gnoll barely misses you.
You shoot a sling bullet.
The sling bullet closely misses the gnoll.
The sling bullet hits the plant!
The plant is lightly damaged.
The gnoll closely misses you. The gnoll hits you with a +0 whip.
You take 5 damage.
You shoot a sling bullet. The sling bullet hits the gnoll.
The gnoll is severely wounded.
A nearby plant withers and dies.
The gnoll hits you with a +0 whip!
Ouch! That really hurt!
You take 8 damage.
You are too injured to fight recklessly!
You are too injured to fight recklessly!
Fire: a) +1 sling
Press: ? - help, Q - select action Shift-Dir - straight line, f/p - gnoll
Aim: a gnoll, wielding a +0 whip (severely wounded, 61% to hit)
You shoot a sling bullet.
The sling bullet closely misses the gnoll.
The sling bullet hits the plant!
The plant begins to die.
The plant is lightly damaged.
The gnoll misses you.
Okay, then.
Fire: a) +1 sling
Press: ? - help, Q - select action Shift-Dir - straight line, f/p - gnoll
Aim: a gnoll, wielding a +0 whip (severely wounded, 61% to hit)
You shoot a sling bullet.
The sling bullet barely misses the gnoll.
The sling bullet hits the plant but does no damage.
The plant is lightly damaged.
The gnoll hits you with a +0 whip.
You take 1 damage.
Fire: a) +1 sling
Press: ? - help, Q - select action Shift-Dir - straight line, f/p - gnoll
Aim: a gnoll, wielding a +0 whip (severely wounded, 61% to hit)
You shoot a sling bullet.
The sling bullet barely misses the gnoll.
The sling bullet hits the plant!
The plant is lightly damaged.
A nearby plant withers and dies.
The gnoll hits you with a +0 whip.
You die... ▒∙∙∙∙∙ ∙P∙∙ ▒∙∙∙∙∙ ∙∙P∙▒▒▒▒▒▒ ▒∙▒▒▒▒ ∙∙P∙∙∙∙∙∙▒▒▒▒▒∙∙∙∙∙ ∙P∙∙∙∙∙∙∙%∙∙∙∙∙∙∙∙∙∙∙

P∙∙P∙∙∙∙∙∙∙∙∙∙∙∙▒▒∙∙∙
PP∙∙∙∙∙∙▒∙∙∙∙∙∙∙▒▒∙∙∙
∙∙∙∙g∙∙∙▒∙∙∙∙∙∙∙∙∙∙∙∙
∙∙∙∙K∙∙∙▒∙∙∙∙∙∙∙∙∙∙∙∙


∙∙∙∙∙∙∙∙∙∙∙∙∙∙∙∙∙∙∙∙∙ ∙∙∙∙∙∙∙∙∙∙∙∙∙∙∙∙(∙∙∙∙ ∙∙∙∙∙∙∙∙∙∙∙∙∙∙∙∙∙∙∙∙∙
∙∙∙∙∙∙∙∙∙▒∙∙∙∙∙∙∙∙∙∙∙ ∙∙∙∙∙∙∙∙∙▒∙∙∙∙∙∙∙∙∙∙∙ ∙∙∙∙∙▒▒∙∙∙∙∙∙∙∙∙∙▒
∙∙∙∙∙∙∙∙∙∙∙∙∙∙∙∙∙∙ ∙)∙∙∙∙▒▒▒▒▒▒▒▒▒▒▒▒ You could see a gnoll.

Vanquished Creatures
  An adder (D:2)
  A goblin (D:1)
  A hobgoblin (D:1)
  A quokka (D:1)
  2 ball pythons (D:1)
  A rat (D:1)
7 creatures vanquished.

Notes
Turn   | Place    | Note
-------+----------+-------------------------------------------
     0 | D:1      | flappity the Kobold Hexslinger began the quest for the Orb.
     0 | D:1      | Reached XP level 1. HP: 12/12 MP: 2/2
     6 | D:1      | You fall into a shaft and drop 1 floor!
    14 | D:2      | Reached XP level 2. HP: 16/16 MP: 4/4
    94 | D:1      | Reached skill level 3 in Ranged Weapons
   276 | D:1      | HP: 3/16 [gnoll/+0 whip (8)]
   279 | D:1      | Slain by a gnoll

Levels and vault maps discovered:
D:1:      dpeg_arrival_water_fire, layout_basic,
          shapermc_ecumenical_altar_starsandcircs, nicolae_grassy_gnolls
D:2:      layout_loops_ring, basic_altar, uniq_crazy_yiuf_cottage

Action                     || total
---------------------------++-------
   Fire: Sling             ||    34
  Dodge: Dodged            ||    14
